 Dungeon Crawl Stone Soup version 0.29.0-5-ge4962eb29e (webtiles) character file.

Game seed: 18435122256616175977

70 BadBadger the Cudgeller (level 4, -3/38 HPs)
             Began as a Meteoran Cinder Acolyte on Aug 28, 2022.
             Was a High Priest of Ignis.
             Slain by a small abomination (19 damage)
             ... on level 3 of the Dungeon.
             The game lasted 00:04:23 (1223 turns).

BadBadger the Cudgeller (Meteoran Cinder Acolyte)   Turns: 1223, Time: 00:04:24

Health: -3/38      AC:  2    Str: 17    XL:     4   Next: 72%
Magic:  5/7        EV: 11    Int: 15    God:    Ignis [*****.]
Gold:   102        SH:  0    Dex: 10    Spells: 3/5 levels left

rFire   + . .      SeeInvis .   i - +2 hand axe "Vaurpha" {speed, rC+ rCorr}
rCold   + . .      Faith    .   (no shield)
rNeg    . . .      Spirit   .   b - +0 robe
rPois   .          Reflect  .   (no helmet)
rElec   .          Harm     .   (no cloak)
rCorr   +          Rampage  .   (no gloves)
Will    .....                   (no boots)
Stlth   +.........              f - amulet of regeneration
HPRegen 0.92/turn               (no ring)
MPRegen 0.10/turn               (no ring)

@: glowing
A: sense surroundings 1, otherworldly, glowing, explore regen
a: Renounce Religion, Fiery Armour, Foxfire Swarm, Rising Flame


You were on level 3 of the Dungeon.
You worshipped Ignis.
Ignis was extremely pleased with you.
You visited 1 branch of the dungeon, and saw 3 of its levels.

You collected 102 gold pieces.

Inventory:

Hand Weapons
 a - a -1 mace of flaming
 i - the +2 hand axe "Vaurpha" (weapon) {speed, rC+ rCorr}
   (You found it on level 2 of the Dungeon)

   Attacks with this weapon are significantly faster.
   rC:        It protects you from cold.
   rCorr:     It protects you from acid and corrosion.
Missiles
 n - 5 silver javelins (quivered)
Armour
 b - a +0 robe (worn)
Magical Staves
 l - a staff of poison
Jewellery
 f - an amulet of regeneration (around neck)
Scrolls
 c - a scroll of teleportation
 d - a scroll of fear {unknown}
 h - a scroll of enchant weapon {unknown}
 j - a scroll of poison {unknown}
 m - 2 scrolls of identify {unknown}
Potions
 e - a potion of curing {unknown}
 g - a potion of mutation {unknown}
 k - a potion of might {unknown}
 o - a potion of cancellation {unknown}


   Skills:
 - Level 3.4 Fighting
 + Level 4.1(4.9) Axes
 - Level 4.1(5.1) Maces & Flails
 - Level 1.3 Spellcasting
 - Level 3.7 Fire Magic


You had 3 spell levels left.
You knew the following spells:

 Your Spells              Type           Power      Damage    Failure   Level
a - Scorch                Fire           24%        2d6       8%          2

Your spell library contained the following spells:

 Spells                   Type           Power      Damage    Failure   Level
 Summon Lightning Spire   Summ/Air       1%         N/A       93%         4
 Storm Form               Tmut/Air       0%         N/A       100%        7
 Maxwell's Capacitive Co  Air            0%         ∞         100%        8


Dungeon Overview and Level Annotations

Branches:
Dungeon (3/15) Zot: 580

Altars:
Fedhas

Portals:
Abyss: D:3

Annotations:
D:3 1 transporter, carontestyx's ghost, amateur DrTm


Innate Abilities, Weirdness & Mutations

You passively map a small area around you.
You are easily found by Zot.
You glow in the dark.
You regain HP and MP as you explore.


Message History

Your Axes skill increases to level 4!
You have reached level 4!
You see here a hound corpse.
Found a stone staircase leading down.
Found a glaive.
Found a transporter.
Found a scroll labelled VEXOSI PAHA.
The shadow imp shouts, "Return whence thou came, thou baffled weather-bitten snake-molt!"
Found a ring mail.
Found 2 gold pieces.
A rat comes into view.
Found a transporter.
You see here 2 gold pieces.
Carontestyx's ghost turns its malevolent gaze towards you.
The kobold brigand shouts!
The rat barely misses you.
You hit the rat.
You kill the rat!
You now have 102 gold pieces (gained 2).
There is a transporter here.
You enter the transporter and appear at another place.
Found a one-way gate to the infinite horrors of the Abyss.
You start waiting.
A small abomination is nearby!
Found 4 scrolls of teleportation.
You barely miss the small abomination.
You hit the small abomination but do no damage.
The small abomination hits you!
You barely miss the small abomination. The small abomination hits you!
Casting: Scorch (safe; 8% risk of failure)
Confirm with . or Enter, or press ? or * to list all spells.
Flames lash the small abomination.
The small abomination is moderately damaged.
The small abomination's fire resistance burns away.
The small abomination hits you.
You closely miss the small abomination.
The small abomination is moderately damaged.
The small abomination hits you!!
Ouch! That really hurt!
You die...

, ##*, * , * .# ##, # ,,
*.### .# .# , ... . ,#.*© *
* * * , ..#.* ?#* < # ..#
?.# , ....##,
.#.##.##.##...#.# #
#....##)##..#©#.##....#.#
..#.....###..##.@.#.......*
..#........ ,##.#x#......#*
.......... #.#..# #....
..#.....#*# #.?5.#∩,#...#
..#....##.##..###.####..#
..#....#.....##.##55W#©.#
..##...####.^##..##K##..#
..........####....###...#
..##....................#


You could see a small abomination (combustible).

Vanquished Creatures
  A hound (D:3)
  An adder (D:2)
  A worm (D:2)
  2 dart slugs (D:1)
  2 ball pythons (D:1)
  An endoplasm (D:1)
  A giant cockroach (D:2)
  2 goblins (D:1)
  3 hobgoblins
  A bat (D:1)
  5 kobolds
  5 rats
25 creatures vanquished.

Vanquished Creatures (others)
  A fungus (D:1)
  A plant (D:1)
2 creatures vanquished.

Grand Total: 27 creatures vanquished

Notes
Turn   | Place    | Note
-------+----------+-------------------------------------------
     0 | D:1      | BadBadger the Meteoran Cinder Acolyte began the quest for
                  | the Orb.
     0 | D:1      | Reached XP level 1. HP: 19/19 MP: 3/3
   212 | D:1      | Found a faded altar of an unknown god.
   383 | D:1      | You fall into a shaft and drop 1 floor!
   439 | D:2      | Identified the +2 hand axe "Vaurpha" {speed, rC+ rCorr}
   472 | D:2      | Reached XP level 2. HP: 25/26 MP: 5/5
   482 | D:2      | Learned a level 2 spell: Scorch
   500 | D:2      | Found a blossoming altar of Fedhas.
   547 | D:2      | Reached skill level 1 in Axes
   905 | D:1      | Reached XP level 3. HP: 31/31 MP: 6/6
  1099 | D:1      | Glimpsed the power of Zot.
  1151 | D:2      | Glimpsed the power of Zot.
  1164 | D:3      | Reached XP level 4. HP: 38/38 MP: 2/7
  1182 | D:3      | Found a transporter.
  1183 | D:3      | Noticed a kobold brigand
  1188 | D:3      | Found a transporter.
  1190 | D:3      | Noticed carontestyx's ghost (amateur DrTm)
  1191 | D:3      | Noticed a small abomination
  1199 | D:3      | Found a one-way gate to the infinite horrors of the Abyss.
  1223 | D:3      | Slain by a small abomination

Illustrated notes

Levels and vault maps discovered:
D:1:      co_arrival_hexagon_in_a_hexagon, layout_basic, serial_rivers,
          chequers_serial_rivers_micro_a, chequers_serial_rivers_large_a,
          chequers_serial_rivers_small_a, chequers_serial_rivers_micro_c,
          chequers_serial_rivers_marsh, chequers_serial_rivers_room_a,
          dreamdust_ecumenical_altar_hidden_monk_grotto,
          dreamdust_princess_bridge, minmay_ruptured
D:2:      layout_basic, basic_altar, due_unseen_surprise
D:3:      minmay_chambers_of_threes, layout_basic,
          gammafunk_ghost_abyssal_escape, kennysheep_generic_room_14,
          uniq_terence

Skill      XL: |  1  2  3 |
---------------+----------+-----
Axes           | 2 4 |  4.1
Fighting       | |  3.4
Maces & Flails | |  4.1
Spellcasting   | |  1.3
Fire Magic     | |  3.7

Action                   |  1- 3 |  4- 6 || total
-------------------------+-------+-------++-------
Melee: Mace              |    20 |       ||    20
       Hand axe          |    58 |     5 ||    63
       Punch             |     1 |       ||     1
Throw: Javelin           |     2 |       ||     2
 Cast: Scorch            |     2 |     1 ||     3
Armor: Robe              |    13 |       ||    13
Dodge: Dodged            |    36 |     1 ||    37
